 Dungeon Crawl Stone Soup version 0.22.1-1-ga44c0e56f4 (webtiles) character file.

215 Rhok the Slasher (level 5, -6/42 HPs)
             Began as a Merfolk Gladiator on Oct 5, 2018.
             Was an Initiate of Okawaru.
             Splashed by a jelly's acid (8 damage)
             ... on level 4 of the Dungeon.
             The game lasted 00:06:43 (3193 turns).

Rhok the Slasher (Merfolk Gladiator)                Turns: 3193, Time: 00:06:43

Health: -6/42      AC:  0    Str: 15    XL:     5   Next: 92%
Magic:  5/5        EV: 11    Int:  8    God:    Okawaru [......]
Gold:   220        SH:  0    Dex: 15    Spells: 4/4 levels left

rFire    . . .     SeeInvis .   a - +1 long sword
rCold    . . .     Gourm    .   (no shield)
rNeg     . . .     Faith    .   e - +0 scale mail
rPois    .         Spirit   .   c - +0 helmet
rElec    .         Reflect  .   (no cloak)
rCorr    .         Harm     .   j - +0 pair of gloves
MR       .....                  (no boots)
Stlth    ..........             (no amulet)
HPRegen  0.14/turn              (no ring)
MPRegen  0.09/turn              (no ring)

@: corroded
A: change form in water, swift swim, stealthy swim
a: Renounce Religion


You were on level 4 of the Dungeon.
You worshipped Okawaru.
Okawaru was noncommittal.
You were not hungry.

You visited 1 branch of the dungeon, and saw 4 of its levels.

You collected 220 gold pieces.

Inventory:

Hand Weapons
 a - a +1 long sword (weapon)
Missiles
 d - 3 throwing nets (quivered)
Armour
 c - a +0 helmet (worn)
 e - a +0 scale mail (worn)
 j - a +0 pair of gloves (worn)
Jewellery
 n - a +4 ring of strength {unknown}
Scrolls
 g - a scroll of remove curse
 h - a scroll of amnesia
 i - 2 scrolls of identify
 k - a scroll of teleportation
 l - 2 scrolls of immolation
 m - a scroll of magic mapping {unknown}
Potions
 b - a potion of heal wounds
Comestibles
 f - 7 rations


   Skills:
 + Level 4.1 Fighting
 * Level 6.0 Long Blades
 - Level 2.0 Throwing
 - Level 4.0 Dodging


You had 4 spell levels left.
You didn't know any spells.
Your spell library was empty.

Dungeon Overview and Level Annotations

Branches:
Dungeon (4/15)
 Temple: D:4-7

Altars:
Fedhas
Kikubaaqudgha
Okawaru

Annotations:
D:2 Jessica


Message History

There is an open door here.
The ooze hits the fungus.
You slash the jelly! The acid corrodes you!
Your hands burn!
The jelly is heavily wounded.
The jelly hits you but does no damage.
You hit the jelly. The acid corrodes you!
Your hands burn!
The jelly is severely wounded.
The jelly hits you.
You are splashed with acid!
The acid burns!
You hit the jelly but do no damage.
Your hands burn!
The jelly is severely wounded.
The jelly hits you. The acid corrodes you!
You are splashed with acid!
The acid burns!
* * * LOW HITPOINT WARNING * * *
You hit the jelly but do no damage.
Your hands burn!
* * * LOW HITPOINT WARNING * * *
The jelly is severely wounded.
The jelly hits you.
* * * LOW HITPOINT WARNING * * *
You are splashed with acid!
The acid burns!
You die...

##.....###.#......# ##
#.......##.#......##..
#.......##............
#.......##..###....#..
#.......###.# #.......
####....# #.# #......#
##..'....# #.#
#......# #(########
#.# #......#
##.)..@J## #.#
#......# #######J# #.#
#.#.#..# ÷..J...P.##.#
#.#.#..# .J.P.J..J# ..
#.#.#..# ...J...P.# #.
#.#.#.g# .PJP..÷..# #.
#.#.#... .P.PJ.J÷.#
#.##.#.#... =PJP.P.P÷#
..#(#.#... ##########
#.#.#.#...


You could see a jelly and an ooze.

Vanquished Creatures
  A hound (D:4)
  An orc priest (D:3)
  2 worker ants (D:4)
  An adder (D:2)
  6 worms
  3 dart slugs
  5 leopard geckos
  3 orcs (D:3)
  2 giant cockroaches
  4 goblins
  6 hobgoblins
  3 jackals (D:1)
  2 quokkas (D:2)
  12 bats
  2 frilled lizards (D:3)
  13 kobolds
  9 rats
75 creatures vanquished.

Vanquished Creatures (others)
  6 toadstools (D:4)
6 creatures vanquished.

Grand Total: 81 creatures vanquished

Notes
Turn   | Place    | Note
-------+----------+-------------------------------------------
     0 | D:1      | Rhok the Merfolk Gladiator began the quest for the Orb.
     0 | D:1      | Reached XP level 1. HP: 16/16 MP: 1/1
   148 | D:1      | Reached XP level 2. HP: 9/23 MP: 2/2
   609 | D:1      | Reached skill level 4 in Long Blades
   719 | D:1      | Reached XP level 3. HP: 28/28 MP: 3/3
  1266 | D:2      | Reached XP level 4. HP: 32/35 MP: 4/4
  1323 | D:2      | Found a blossoming altar of Fedhas.
  1323 | D:2      | Found an ancient bone altar of Kikubaaqudgha.
  1403 | D:2      | Noticed Jessica
  1787 | D:3      | Reached skill level 5 in Long Blades
  2254 | D:3      | Reached XP level 5. HP: 41/41 MP: 5/5
  2641 | D:4      | Found an iron altar of Okawaru.
  2655 | D:4      | Became a worshipper of Warmaster Okawaru
  2831 | D:4      | Reached skill level 6 in Long Blades
  3193 | D:4      | HP: 2/42 [jelly (3)]
  3193 | D:4      | Splashed by a jelly's acid

Skill      XL: |  1  2  3  4  5 |
---------------+----------------+-----
Long Blades    | 4 5 6 |  6.0
Fighting       | 3 4 |  4.1
Throwing       | |  2.0
Dodging        | |  4.0

Action                   |  1- 3 |  4- 6 || total
-------------------------+-------+-------++-------
Melee: Long sword        |   116 |   129 ||   245
  Use: Scroll            |       |     8 ||     8
       Potion            |       |     3 ||     3
  Eat: Chunk             |     1 |     3 ||     4
       Ration            |       |     1 ||     1
Armor: Leather armour    |     6 |       ||     6
       Scale mail        |    51 |    51 ||   102
Dodge: Dodged            |    84 |    89 ||   173
       Rpst.: Long sword |    17 |    27 ||    44
